| TOP OF THE 1ST |
|
Toronto Blue Jays batting - Pitching for Boston Red Sox : RHP Frank Picaso
|
|
Pitching: RHP Frank Picaso
|
|
|
Batting: RHB Donny Burnside
|
0-0: Ball 1-0: Ball 2-0: Ball 3-0: Base on Balls
|
|
Batting: RHB C.J. Richerson
|
0-0: Ball 1-0: Fly out, F8 (Flyball, 8LM, EV 76.2 MPH)
|
|
Batting: SHB Matt Altieri
|
0-0: Grounds out, U3 (Groundball, 3L, EV 86.9 MPH)
|
|
Batting: RHB Efrain Vargas
|
0-0: Ball 1-0: Ball 2-0: Fly out, F7 (Flyball, 78D, EV 103.1 MPH)
|
| Top of the 1st over - 0 runs, 0 hits, 0 errors, 1 left on base; Toronto 0 - Boston 0 |
| BOTTOM OF THE 1ST |
|
Boston Red Sox batting - Pitching for Toronto Blue Jays : RHP Tony Rios
|
|
Pitching: RHP Tony Rios
|
|
|
Batting: RHB Alois Wollf
|
0-0: Ball 1-0: SINGLE (Groundball, 56S, EV 63.1 MPH) (infield hit)
|
|
Batting: RHB Ray Llewellyn
|
0-0: Foul Ball, location: 2F 0-1: Ball 1-1: Ball 2-1: SINGLE (Groundball, 34S, EV 90.0 MPH) (infield hit) Alois Wollf to second
|
|
Batting: LHB Kevin McCormic Jr.
|
0-0: Ball 1-0: Swinging Strike 1-1: Foul Ball, location: 2F 1-2: Strikes out looking
|
|
Batting: RHB David Price Jr.
|
0-0: Hit by Pitch Alois Wollf to third Ray Llewellyn to second
|
|
Batting: LHB Jarrett Mordecai
|
0-0: Ball 1-0: Fly out, F9 (Line Drive, 9, EV 84.4 MPH)
|
|
Batting: RHB Elijah Campbell
|
0-0: Swinging Strike 0-1: Foul Ball, location: 2F 0-2: Ball 1-2: Foul Ball, location: 2F 1-2: Foul Ball, location: 2F 1-2: Fly out, F9 (Flyball, 89S, EV 73.8 MPH)
|
| Bottom of the 1st over - 0 runs, 2 hits, 0 errors, 3 left on base; Toronto 0 - Boston 0 |
| TOP OF THE 2ND |
|
Toronto Blue Jays batting - Pitching for Boston Red Sox : RHP Frank Picaso
|
|
Batting: LHB Willis Robles
|
0-0: Ball 1-0: Ball 2-0: Ball 3-0: Called Strike 3-1: Called Strike 3-2: Foul Ball, location: 2F 3-2: Base on Balls
|
|
Batting: SHB Dominik Hasek II
|
0-0: Ball 1-0: Ball Balk! Willis Robles to second 2-0: Foul Ball, location: 2F 2-1: Ball 3-1: Base on Balls
|
|
Batting: RHB Butch Kaiser
|
0-0: Grounds into double play, 6-4-3 (Groundball, 6, EV 105.0 MPH) Willis Robles to third
|
|
Batting: LHB Nate Dean
|
0-0: Ball 1-0: Foul Ball, location: 2F 1-1: Foul Ball, location: 2F 1-2: Ground out U3 (Groundball, 3L, EV 81.2 MPH)
|
| Top of the 2nd over - 0 runs, 0 hits, 0 errors, 1 left on base; Toronto 0 - Boston 0 |
| BOTTOM OF THE 2ND |
|
Boston Red Sox batting - Pitching for Toronto Blue Jays : RHP Tony Rios
|
|
Batting: LHB Sakae Kasahara
|
0-0: Hit by Pitch
|
|
Batting: RHB Nick Esteves
|
0-0: Called Strike 0-1: Ball 1-1: SINGLE (Flyball, 56D, EV 81.2 MPH) Sakae Kasahara to second
|
|
Batting: SHB Greg Shaw
|
0-0: Fielders Choice at 2nd, 1-6 (Groundball, P, EV 67.5 MPH) Sakae Kasahara to third
|
|
Batting: RHB Alois Wollf
|
0-0: Ball 1-0: Foul Ball, location: 2F 1-1: Swinging Strike 1-2: Foul Ball, location: 2F 1-2: SINGLE (Groundball, 4MD, EV 106.9 MPH) (infield hit) Sakae Kasahara scores Greg Shaw to second
|
|
Batting: RHB Ray Llewellyn
|
0-0: Called Strike 0-1: Grounds into double play, 6-4-3 (Groundball, 6, EV 80.6 MPH)
|
| Bottom of the 2nd over - 1 run, 2 hits, 0 errors, 1 left on base; Toronto 0 - Boston 1 |
| TOP OF THE 3RD |
|
Toronto Blue Jays batting - Pitching for Boston Red Sox : RHP Frank Picaso
|
|
Batting: RHB Steve Jordan
|
0-0: Ball 1-0: Ball 2-0: Ball 3-0: Called Strike 3-1: Called Strike 3-2: Fly out, F8 (Flyball, 8RM, EV 95.6 MPH)
|
|
Batting: RHB Donny Burnside
|
0-0: Ball 1-0: Fly out, F9 (Flyball, 89M, EV 91.2 MPH)
|
|
Batting: RHB C.J. Richerson
|
0-0: Called Strike 0-1: Ball 1-1: Swinging Strike 1-2: Foul Ball, location: 2F 1-2: Ball 2-2: SINGLE (Groundball, 56S, EV 75.0 MPH) (infield hit)
|
|
Batting: SHB Matt Altieri
|
0-0: Ball 1-0: Ball 2-0: Ball 3-0: Called Strike 3-1: Foul Ball, location: 2F 3-2: Foul Ball, location: 2F 3-2: Strikes out swinging
|
| Top of the 3rd over - 0 runs, 1 hit, 0 errors, 1 left on base; Toronto 0 - Boston 1 |
| BOTTOM OF THE 3RD |
|
Boston Red Sox batting - Pitching for Toronto Blue Jays : RHP Tony Rios
|
|
Batting: LHB Kevin McCormic Jr.
|
0-0: Called Strike 0-1: Ball 1-1: Ground out 2-3 (Groundball, 2L, EV 60.6 MPH)
|
|
Batting: RHB David Price Jr.
|
0-0: Called Strike 0-1: Fly out, F6 (Popup, 4MD, EV 68.1 MPH)
|
|
Batting: LHB Jarrett Mordecai
|
0-0: DOUBLE (Line Drive, 9LM, EV 106.2 MPH)
|
|
Batting: RHB Elijah Campbell
|
0-0: Ball 1-0: Called Strike 1-1: TRIPLE (Line Drive, 9LD, EV 103.8 MPH) Jarrett Mordecai scores
|
|
Batting: LHB Sakae Kasahara
|
0-0: Ball 1-0: Swinging Strike 1-1: Fly out, F7 (Line Drive, 7LM, EV 96.2 MPH)
|
| Bottom of the 3rd over - 1 run, 2 hits, 0 errors, 1 left on base; Toronto 0 - Boston 2 |
| TOP OF THE 4TH |
|
Toronto Blue Jays batting - Pitching for Boston Red Sox : RHP Frank Picaso
|
|
Batting: RHB Efrain Vargas
|
0-0: Ball 1-0: Ball 2-0: Foul Ball, location: 2F 2-1: Foul Ball, location: 2F 2-2: Foul Ball, location: 2F 2-2: Strikes out looking
|
|
Pinch Hitting: RHB Mike Harkins
|
0-0: Ball 1-0: Called Strike 1-1: Called Strike 1-2: Ground out 4-3 (Groundball, 34, EV 96.2 MPH)
|
|
Batting: SHB Dominik Hasek II
|
0-0: Called Strike 0-1: Swinging Strike 0-2: Foul Ball, location: 2F 0-2: Strikes out swinging
|
| Top of the 4th over - 0 runs, 0 hits, 0 errors, 0 left on base; Toronto 0 - Boston 2 |
| BOTTOM OF THE 4TH |
|
Boston Red Sox batting - Pitching for Toronto Blue Jays : RHP Tony Rios
|
|
Now in LF: Spencer Jones
|
|
|
Batting: RHB Nick Esteves
|
0-0: Ball 1-0: Called Strike 1-1: Foul Ball, location: 2F 1-2: Ball 2-2: Ball 3-2: Fly out, F9 (Flyball, 89S, EV 93.1 MPH)
|
|
Batting: SHB Greg Shaw
|
0-0: Ball 1-0: Swinging Strike 1-1: Ball 2-1: Ground out U3 (Groundball, 34, EV 88.8 MPH)
|
|
Batting: RHB Alois Wollf
|
0-0: Foul Ball, location: 2F 0-1: Ball 1-1: Ground out 6-3 (Groundball, 6M, EV 105.6 MPH)
|
| Bottom of the 4th over - 0 runs, 0 hits, 0 errors, 0 left on base; Toronto 0 - Boston 2 |
| TOP OF THE 5TH |
|
Toronto Blue Jays batting - Pitching for Boston Red Sox : RHP Frank Picaso
|
|
Batting: RHB Butch Kaiser
|
0-0: Ball 1-0: Foul Ball, location: 2F 1-1: Ball 2-1: Foul Ball, location: 2F 2-2: Ball 3-2: Foul Ball, location: 2F 3-2: Base on Balls
|
|
Batting: LHB Nate Dean
|
0-0: Called Strike 0-1: Ball 1-1: Ground out 3-1 (Groundball, 34S, EV 95.0 MPH) Butch Kaiser to second
|
|
Batting: RHB Steve Jordan
|
0-0: Ball 1-0: Ball 2-0: Ball 3-0: Base on Balls
|
|
Batting: RHB Donny Burnside
|
0-0: Ball 1-0: Ball 2-0: Ball 3-0: Base on Balls Butch Kaiser to third Steve Jordan to second
|
|
Batting: RHB C.J. Richerson
|
0-0: Ball 1-0: Called Strike 1-1: Ball 2-1: Foul Ball, location: 2F 2-2: SINGLE (Groundball, 6M, EV 105.0 MPH) (infield hit) Butch Kaiser scores Steve Jordan to third Donny Burnside to second
|
|
Batting: SHB Matt Altieri
|
0-0: Ball 1-0: Ball 2-0: SINGLE (Flyball, 6D, EV 86.9 MPH) Steve Jordan scores Donny Burnside to third C.J. Richerson to second
|
|
Batting: RHB Efrain Vargas
|
0-0: Fly out, F9 (Line Drive, 9, EV 97.5 MPH) Runner from 3rd tags up, OUT at HOME! 9-2
|
| Top of the 5th over - 2 runs, 2 hits, 0 errors, 2 left on base; Toronto 2 - Boston 2 |
| BOTTOM OF THE 5TH |
|
Boston Red Sox batting - Pitching for Toronto Blue Jays : RHP Tony Rios
|
|
Batting: RHB Ray Llewellyn
|
0-0: Ball 1-0: Ball 2-0: Foul Ball, location: 2F 2-1: Fly out, F8 (Flyball, 8LXD, EV 99.4 MPH)
|
|
Batting: LHB Kevin McCormic Jr.
|
0-0: Ball 1-0: Ball 2-0: SINGLE (Groundball, 56D, EV 98.1 MPH)
|
|
Batting: RHB David Price Jr.
|
0-0: Ball 1-0: Ball 2-0: Ball 3-0: Base on Balls Kevin McCormic Jr. to second
|
|
Batting: LHB Jarrett Mordecai
|
0-0: Foul Ball, location: 2F 0-1: Swinging Strike 0-2: Ball 1-2: Strikes out swinging
|
|
Batting: RHB Elijah Campbell
|
0-0: Foul Ball, location: 2F 0-1: Ball 1-1: Called Strike 1-2: Strikes out looking
|
| Bottom of the 5th over - 0 runs, 1 hit, 0 errors, 2 left on base; Toronto 2 - Boston 2 |
| TOP OF THE 6TH |
|
Toronto Blue Jays batting - Pitching for Boston Red Sox : RHP Frank Picaso
|
|
Batting: SHB Spencer Jones
|
0-0: Called Strike 0-1: Called Strike 0-2: Strikes out looking
|
|
Batting: SHB Dominik Hasek II
|
0-0: Called Strike 0-1: Ball 1-1: Ball 2-1: Ball 3-1: Base on Balls
|
|
Batting: RHB Butch Kaiser
|
0-0: Called Strike 0-1: Fly out, F8 (Flyball, 8RM, EV 93.8 MPH)
|
|
Batting: LHB Nate Dean
|
0-0: Called Strike 0-1: Ball 1-1: Ball 2-1: Foul Ball, location: 2F 2-2: Ball 3-2: Foul Ball, location: 2F 3-2: Base on Balls Dominik Hasek II to second
|
|
Pitching: LHP John Hotham
|
|
|
Batting: RHB Steve Jordan
|
0-0: Reached on error, E2 (Groundball, 15S, EV 61.9 MPH) Dominik Hasek II to third Nate Dean to second
|
|
Batting: RHB Donny Burnside
|
0-0: Ground out 5-3 (Groundball, 56S, EV 81.2 MPH)
|
| Top of the 6th over - 0 runs, 0 hits, 1 error, 3 left on base; Toronto 2 - Boston 2 |
| BOTTOM OF THE 6TH |
|
Boston Red Sox batting - Pitching for Toronto Blue Jays : RHP Tony Rios
|
|
Batting: LHB Sakae Kasahara
|
0-0: Ball 1-0: Ball 2-0: Ball 3-0: Foul Ball, location: 2F 3-1: Foul Ball, location: 2F 3-2: Strikes out swinging
|
|
Batting: RHB Nick Esteves
|
0-0: Ball 1-0: Ball 2-0: Ball 3-0: Called Strike 3-1: Base on Balls
|
|
Batting: SHB Greg Shaw
|
0-0: DOUBLE (Line Drive, 9LM, EV 103.1 MPH) Nick Esteves to third Runner from 3rd tries for Home, SAFE, throw by RF to trailing runner, OUT at third! 9-3-5
|
|
Batting: RHB Alois Wollf
|
0-0: Called Strike 0-1: Ground out 1-3 (Groundball, 34S, EV 68.8 MPH)
|
| Bottom of the 6th over - 1 run, 1 hit, 0 errors, 0 left on base; Toronto 2 - Boston 3 |
| TOP OF THE 7TH |
|
Toronto Blue Jays batting - Pitching for Boston Red Sox : LHP John Hotham
|
|
Batting: RHB C.J. Richerson
|
0-0: Ball 1-0: Ball 2-0: Ball 3-0: Swinging Strike 3-1: Swinging Strike 3-2: Strikes out swinging
|
|
Batting: SHB Matt Altieri
|
0-0: Ball 1-0: Foul Ball, location: 2F 1-1: Ball 2-1: Fly out, F7 (Flyball, 7, EV 80.6 MPH)
|
|
Batting: RHB Efrain Vargas
|
0-0: Swinging Strike 0-1: Called Strike 0-2: Ball 1-2: Ball 2-2: SINGLE (Line Drive, 34, EV 108.1 MPH)
|
|
Batting: SHB Spencer Jones
|
0-0: Ball 1-0: Called Strike 1-1: Fielders Choice at 2nd, 6-4 (Groundball, 56, EV 92.5 MPH)
|
| Top of the 7th over - 0 runs, 1 hit, 0 errors, 1 left on base; Toronto 2 - Boston 3 |
| BOTTOM OF THE 7TH |
|
Boston Red Sox batting - Pitching for Toronto Blue Jays : RHP Tony Rios
|
|
Batting: RHB Ray Llewellyn
|
0-0: Called Strike 0-1: Ball 1-1: Ball 2-1: SINGLE (Line Drive, 8LS, EV 86.9 MPH)
|
|
Batting: LHB Kevin McCormic Jr.
|
0-0: Ball 1-0: Called Strike 1-1: SINGLE (Groundball, 56D, EV 109.4 MPH) (infield hit) Ray Llewellyn to second
|
|
Batting: RHB David Price Jr.
|
0-0: Ball 1-0: Ball 2-0: Ball 3-0: Called Strike 3-1: SINGLE (Groundball, 6MD, EV 107.5 MPH) Ray Llewellyn to third Kevin McCormic Jr. to second
|
|
Pitching: RHP Chase Schlong
|
|
|
Batting: LHB Jarrett Mordecai
|
0-0: Foul Ball, location: 2F 0-1: Ball 1-1: Ball 2-1: GRAND SLAM HOME RUN (Line Drive, 9LD, EV 93.8 MPH), Distance : 352 ft
|
|
Batting: RHB Elijah Campbell
|
0-0: Ball 1-0: Ball 2-0: Called Strike 2-1: Foul Ball, location: 2F 2-2: Foul Ball, location: 2F 2-2: Strikes out swinging
|
|
Batting: LHB Sakae Kasahara
|
0-0: Ball 1-0: Called Strike 1-1: Swinging Strike 1-2: Ball 2-2: Foul Ball, location: 2F 2-2: Ball 3-2: Foul Ball, location: 2F 3-2: Strikes out swinging
|
|
Batting: RHB Nick Esteves
|
0-0: DOUBLE (Line Drive, 78D, EV 101.2 MPH)
|
|
Batting: SHB Greg Shaw
|
0-0: Ball 1-0: Fly out, F8 (Line Drive, 8RD, EV 96.2 MPH)
|
| Bottom of the 7th over - 4 runs, 5 hits, 0 errors, 1 left on base; Toronto 2 - Boston 7 |
| TOP OF THE 8TH |
|
Toronto Blue Jays batting - Pitching for Boston Red Sox : LHP John Hotham
|
|
Now at 1B: Kevin McCormic Jr.
|
|
|
Now in LF: John Chiesa
|
|
|
Batting: SHB Dominik Hasek II
|
0-0: Ground out 6-3 (Groundball, 56, EV 89.4 MPH)
|
|
Batting: RHB Butch Kaiser
|
0-0: Ball 1-0: Ground out 5-3 (Groundball, 56, EV 101.9 MPH)
|
|
Batting: LHB Nate Dean
|
0-0: Ball 1-0: Ball 2-0: Foul Ball, location: 2F 2-1: Foul Ball, location: 2F 2-2: Strikes out looking
|
| Top of the 8th over - 0 runs, 0 hits, 0 errors, 0 left on base; Toronto 2 - Boston 7 |
| BOTTOM OF THE 8TH |
|
Boston Red Sox batting - Pitching for Toronto Blue Jays : RHP Chase Schlong
|
|
Batting: RHB Alois Wollf
|
0-0: Ball 1-0: Ball 2-0: Swinging Strike 2-1: Called Strike 2-2: SINGLE (Flyball, 78S, EV 94.4 MPH)
|
|
Batting: RHB Ray Llewellyn
|
0-0: Called Strike 0-1: Swinging Strike 0-2: Strikes out swinging
|
|
Batting: LHB Kevin McCormic Jr.
|
0-0: Ball 1-0: Called Strike Alois Wollf is caught stealing 2nd base 2-6 1-1: Ball 2-1: Foul Ball, location: 2F 2-2: Ground out 5-3 (Groundball, 56S, EV 76.2 MPH)
|
| Bottom of the 8th over - 0 runs, 1 hit, 0 errors, 0 left on base; Toronto 2 - Boston 7 |
| TOP OF THE 9TH |
|
Toronto Blue Jays batting - Pitching for Boston Red Sox : LHP John Hotham
|
|
Pitching: RHP J.J. Dean
|
|
|
Batting: RHB Steve Jordan
|
0-0: Foul Ball, location: 2F 0-1: Ball 1-1: Ball 2-1: DOUBLE (Line Drive, 89D, EV 105.6 MPH)
|
|
Batting: RHB Donny Burnside
|
0-0: Ground out 6-3 (Groundball, 6, EV 102.5 MPH)
|
|
Batting: RHB C.J. Richerson
|
0-0: DOUBLE (Line Drive, 9LM, EV 103.8 MPH) Steve Jordan scores
|
|
Batting: SHB Matt Altieri
|
0-0: Ground out 6-3 (Groundball, 6S, EV 65.0 MPH) C.J. Richerson to third
|
|
Batting: RHB Efrain Vargas
|
0-0: Called Strike 0-1: Reached on error, E3 (Groundball, 13, EV 86.2 MPH) C.J. Richerson scores
|
|
Pitching: RHP Guadalupe Vasguez
|
|
|
Batting: SHB Spencer Jones
|
0-0: Called Strike 0-1: Ball 1-1: Foul Ball, location: 2F 1-2: Ball 2-2: Ball 3-2: Ground out U3 (Groundball, 23, EV 92.5 MPH)
|
| Top of the 9th over - 2 runs, 2 hits, 1 error, 1 left on base; Toronto 4 - Boston 7 |
|